 Dungeon Crawl Stone Soup version 0.23.0 (webtiles) character file.

Game seed: 13681710742321760591

201 MalarOregon the Poker (level 5, -3/43 HPs)
             Began as a Merfolk Abyssal Knight on Feb 16, 2019.
             Was a Priest of Lugonu.
             Slain by a scorpion (9 damage)
             ... on level 4 of the Dungeon.
             The game lasted 00:05:03 (3292 turns).

MalarOregon the Poker (Merfolk Abyssal Knight)      Turns: 3292, Time: 00:05:03

Health: -3/43      AC:  4    Str: 15    XL:     5   Next: 79%
Magic:  14/15      EV: 13    Int: 13    God:    Lugonu [***...]
Gold:   231        SH:  0    Dex: 13    Spells: 3/4 levels left

rFire    . . .     SeeInvis .   a - +1 spear
rCold    . . .     Gourm    .   (no shield)
rNeg     . . .     Faith    .   b - +0 leather armour
rPois    .         Spirit   .   (no helmet)
rElec    .         Reflect  .   u - +0 cloak
rCorr    .         Harm     .   (no gloves)
MR       .....                  (no boots)
Stlth    +.........             (no amulet)
HPRegen  0.14/turn              i - +3 ring of strength
MPRegen  0.14/turn              q - ring of magical power

@: lethally poisoned (-3 -> -3), confusing touch, very slightly contaminated
A: change form in water, swift swim, stealthy swim
a: Depart the Abyss, Bend Space, Banish, Renounce Religion


You were on level 4 of the Dungeon.
You worshipped Lugonu.
Lugonu was most pleased with you.
You were not hungry.

You visited 1 branch of the dungeon, and saw 4 of its levels.
You visited the Abyss 1 time.

You collected 231 gold pieces.

Inventory:

Hand Weapons
 a - a +1 spear (weapon)
Armour
 b - a +0 leather armour (worn)
 u - a +0 cloak (worn)
   (You found it on level 3 of the Dungeon)
Jewellery
 i - a +3 ring of strength (left hand)
   (You found it on level 1 of the Dungeon)
 n - an uncursed amulet of rage {unknown}
   (You found it on level 2 of the Dungeon)
 o - an uncursed ring of protection from cold
   (You found it on level 2 of the Dungeon)
 q - a ring of magical power (right hand)
   (You found it on level 2 of the Dungeon)
Scrolls
 c - 3 scrolls of enchant armour {unknown}
 d - a scroll of fear {unknown}
 l - 2 scrolls of remove curse {unknown}
 m - a scroll of noise {unknown}
 p - 2 scrolls of teleportation {unknown}
 r - 2 scrolls of random uselessness {unknown}
 s - a scroll of fog {unknown}
 t - 2 scrolls of amnesia {unknown}
 w - 4 scrolls of identify {unknown}
Potions
 f - 2 potions of mutation {unknown}
 g - a potion of heal wounds {@q2}
 h - a potion of berserk rage {unknown}
 j - 2 potions of flight {unknown}
 k - a potion of curing {unknown}
 v - a potion of degeneration {unknown}
 x - a potion of magic {unknown}
Comestibles
 e - 6 rations {!d}


   Skills:
 + Level 4.3 Fighting
 + Level 4.8 Polearms
 + Level 2.0 Armour
 + Level 4.3 Dodging
 + Level 1.0 Hexes
 - Level 2.0 Invocations


You had 3 spell levels left.
You knew the following spells:

 Your Spells              Type           Power        Failure   Level  Hunger
a - Confusing Touch       Hex            #.....       24%         1    ##.....

Your spell library contained the following spells:

 Spells                   Type           Power        Failure   Level  Hunger
 Animate Skeleton         Necr           N/A          36%         1    ##.....
 Apportation              Tloc           #.....       36%         1    ##.....
 Summon Small Mammal      Summ           #...         36%         1    ##.....


Dungeon Overview and Level Annotations

Branches:
Dungeon (4/15)
 Temple: D:4-7

Altars:
Gozag
Okawaru


Message History

You barely miss the scorpion. The scorpion closely misses you.
You barely miss the scorpion. The scorpion closely misses you.
You barely miss the scorpion. The scorpion barely misses you.
You barely miss the scorpion. You completely miss the scorpion.
The scorpion stings you!
* * * LOW HITPOINT WARNING * * *
You miscast Confusing Touch.
You are very lightly contaminated with residual magic.
Multicoloured lights dance before your eyes!
You are starving!
The scorpion stings you but does no damage.
Unknown command.
You eat one of the 7 rations {!d}.
That ration really hit the spot!
The scorpion stings you!
* * * LOW HITPOINT WARNING * * *
You are poisoned.
The scorpion poisons you!
You feel much better.
You feel sick. The scorpion stings you.
* * * LOW HITPOINT WARNING * * *
Your hands begin to glow red.
You feel sick. The scorpion stings you.
* * * LOW HITPOINT WARNING * * *
You hit the scorpion but do no damage. The scorpion closely misses you.
You hit the scorpion but do no damage. The scorpion barely misses you.
You hit the scorpion but do no damage.
You feel sick. The scorpion barely misses you.
You hit the scorpion but do no damage.
The scorpion appears confused.
The scorpion closely misses you.
You barely miss the scorpion.
You catch the helpless scorpion completely off-guard!
You hit the scorpion.
You feel sick. The scorpion barely misses you.
You hit the scorpion. The scorpion closely misses you.
You hit the scorpion.
You feel sick.
You catch the helpless scorpion completely off-guard!
You hit the scorpion.
The scorpion seems less confused.
The scorpion closely misses you.
Items here: )) [ †† a +0 dagger; a +0 leather armour; a +0 dagger; an orc corpse x2
You hit the scorpion but do no damage. The scorpion closely misses you.
You miscast Confusing Touch.
Nothing appears to happen.
You feel sick.
The scorpion stings you but does no damage.
You barely miss the scorpion. You hit the scorpion but do no damage.
The scorpion barely misses you.
You hit the scorpion but do no damage. The scorpion misses you.
You closely miss the scorpion. The scorpion barely misses you.
You barely miss the scorpion.
You feel sick. The scorpion barely misses you.
You hit the scorpion but do no damage. The scorpion stings you!
* * * LOW HITPOINT WARNING * * *
Your hands begin to glow red.
The scorpion stings you!
You die...

#....##........##.
##....#..#.........
........##........#
..###...###......#
######..##.......
#.............##
....#####.##.....##
# .....#)#s......#
#.......@...###.#
#......######
#...... #.....#
....## .... ###


You could see a scorpion.

Vanquished Creatures
  An orc priest (D:4)
  An iguana (D:4)
  A centaur skeleton (D:4)
  4 adders
  An ooze (D:2)
  An adder skeleton (D:2)
  A dart slug (D:1)
  3 leopard geckos
  4 orcs
  2 ball pythons
  4 giant cockroaches
  8 goblins
  10 hobgoblins
  9 kobolds
  2 quokkas
  4 bats
  4 frilled lizards
  11 rats
71 creatures vanquished.

Notes
Turn   | Place    | Note
-------+----------+-------------------------------------------
     0 | Abyss:1  | MalarOregon the Merfolk Abyssal Knight began the quest for
                  | the Orb.
     0 | Abyss:1  | Reached XP level 1. HP: 18/18 MP: 2/2
    27 | D:1      | Escaped the Abyss
   146 | D:1      | Reached XP level 2. HP: 12/24 MP: 3/3
   368 | D:1      | Reached skill level 1 in Armour
   436 | D:1      | Reached ** piety under Lugonu
   457 | D:1      | Reached XP level 3. HP: 28/29 MP: 4/4
  1408 | D:2      | Reached XP level 4. HP: 33/37 MP: 5/5
  2499 | D:3      | Learned a level 1 spell: Confusing Touch
  2620 | D:3      | Found an iron altar of Okawaru.
  2688 | D:3      | Found a faded altar of an unknown god.
  2833 | D:4      | Found an opulent altar of Gozag.
  2994 | D:4      | Reached XP level 5. HP: 24/42 MP: 6/6
  3236 | D:4      | Reached skill level 1 in Hexes
  3258 | D:4      | HP: 2/43 [orc (1)]
  3260 | D:4      | Reached *** piety under Lugonu
  3292 | D:4      | Slain by a scorpion

Skill      XL: |  1  2  3  4  5 |
---------------+----------------+-----
Dodging        | 3 4 |  4.3
Armour         | 1 2 |  2.0
Polearms       | 4 |  4.8
Fighting       | 4 |  4.3
Hexes          | 1 |  1.0
Invocations    | |  2.0

Action                   |  1- 3 |  4- 6 || total
-------------------------+-------+-------++-------
Melee: Spear             |   166 |   180 ||   346
 Cast: Confusing Touch   |       |     7 ||     7
  Use: Potion            |       |     2 ||     2
 Stab: Sleeping          |     2 |     1 ||     3
       Confused          |       |     8 ||     8
  Eat: Chunk             |     2 |     4 ||     6
       Ration            |       |     1 ||     1
Armor: Leather armour    |    19 |    30 ||    49
Dodge: Dodged            |    81 |   116 ||   197
